 Dungeon Crawl Stone Soup version 0.30.0-30-g96aa6591b8 (webtiles) character file.

Game seed: 12071866413900143823

829 AgateBread the Firebug (level 7, -3/62 HPs)
             Began as a Hill Orc Fire Elementalist on June 30, 2023.
             Slain by Duvessa
             ... wielding a +6 short sword of speed
              (10 damage)
             ... on level 5 of the Dungeon.
             The game lasted 00:36:35 (8492 turns).

AgateBread the Firebug (Hill Orc Fire Elementalist) Turns: 8492, Time: 00:36:35

Health: -3/62      AC:  6    Str: 11    XL:     7   Next: 97%
Magic:  9/9        EV: 11    Int: 17    God:
Gold:   324        SH:  0    Dex: 17    Spells: 2/9 levels left

rFire   . . .        B - +3 short sword (drain)
rCold   . . .        (no shield)
rNeg    . . .        D - +3 leather armour
rPois   +            (no helmet)
rElec   .            (no cloak)
rCorr   .            (no gloves)
SInv    .            (no boots)
Will    .....        (no amulet)
Stlth   ++           s - ring of poison resistance
HPRegen 0.30/turn    I - +6 ring of dexterity
MPRegen 0.11/turn

%: no passive effects
@: mighty, invisible
A: no striking features
a: no special abilities


You were on level 5 of the Dungeon.
You visited 1 branch of the dungeon, and saw 5 of its levels.
You also visited: Ossuary.

You collected 324 gold pieces.

Inventory:

Hand Weapons
 d - a +1 spear of flaming
 h - a +0 short sword
 k - a +0 trident
 B - a +3 short sword of draining (weapon)
Missiles
 o - 4 poisoned darts (quivered)
 J - 3 boomerangs
Armour
 r - a +0 scale mail
 v - a +0 chain mail
 D - a +3 leather armour (worn)
 L - a +1 robe of positive energy
Jewellery
 s - a ring of poison resistance (left hand)
 w - an amulet of faith
 x - a +6 ring of strength
 y - a ring of protection from cold
 I - a +6 ring of dexterity (right hand)
Scrolls
 c - 4 scrolls of teleportation
 f - a scroll of enchant armour {unknown}
 l - 3 scrolls of vulnerability
 m - 2 scrolls of summoning
 A - a scroll of blinking {unknown}
 C - a scroll of magic mapping
 F - 2 scrolls of fog
 G - a scroll of enchant weapon
 H - a scroll of amnesia
 K - a scroll of poison {unknown}
Potions
 a - 2 potions of mutation
 e - a potion of berserk rage {unknown}
 g - 2 potions of resistance {unknown}
 i - 4 potions of might
 j - 3 potions of lignification
 n - 3 potions of curing {unknown}
 q - 3 potions of ambrosia
 t - a potion of invisibility
 u - a potion of haste {unknown}
 z - a potion of degeneration {unknown}
 E - 3 potions of attraction


   Skills:
 + Level 5.8 Fighting
 - Level 1.5 Dodging
 - Level 1.5 Stealth
 - Level 1.5 Spellcasting
 + Level 5.0 Conjurations
 + Level 6.3 Fire Magic


You had 2 spell levels left.
You knew the following spells:

 Your Spells              Type           Power      Damage    Failure   Level
a - Foxfire               Conj/Fire      80%        2x1d8     2%          1
b - Scorch                Fire           44%        2d6       3%          2
c - Flame Wave            Conj/Fire      20%        2d7       26%         4

Your spell library contained the following spells:

 Spells                   Type           Power      Damage    Failure   Level
 Inner Flame              Hex/Fire       12%        N/A       22%         3
 Volatile Blastmotes      Fire/Tloc      24%        2d12      22%         3
 Portal Projectile        Hex/Tloc       2%         N/A       63%         3
 Tukima's Dance           Hex            1%         N/A       63%         3
 Blade Hands              Tmut           0%         N/A       100%        5


Dungeon Overview and Level Annotations

Branches:
Dungeon (5/15)            Ossuary (visited)
 Temple: D:4-7

Altars:
Gozag
Nemelex Xobeh
Okawaru
Ru
Zin

Shops:
D:3 :

Annotations:
D:4 3 runed translucent doors, erynZofia's ghost, amateur GrHu
D:5 Duvessa


Message History

Here: Duvessa, wielding a +6 short sword of speed, wearing a +0 chain mail of cold resistance and carrying a wand of flame (17) (lightly wounded, berserk)
The floor.
Throw: 2 throwing nets
Press: ? - help, Q - select action, (/) - cycle Shift-Dir - straight line, f - Duvessa
Aim: Duvessa, wielding a +6 short sword of speed, wearing a +0 chain mail of cold resistance and carrying a wand of flame (17) (lightly wounded, berserk, 72% to hit)
You throw a throwing net. The throwing net hits Duvessa.
Duvessa is caught in the net!
Duvessa is lightly wounded.
Duvessa struggles against the net. x2
You feel very mighty all of a sudden.
Duvessa struggles against the net.
You hit Duvessa. You drain Duvessa.
Duvessa is lightly wounded.
Duvessa struggles against the net.
The net rips apart, and Duvessa comes free!
Duvessa hits you with a +6 short sword of speed!
You hit Duvessa but do no damage.
Duvessa is lightly wounded.
Duvessa completely misses you.
Duvessa hits you with a +6 short sword of speed!
You hit Duvessa but do no damage. You drain Duvessa.
Duvessa is moderately wounded.
Duvessa hits you with a +6 short sword of speed!
* * * LOW HITPOINT WARNING * * *
Duvessa hits you with a +6 short sword of speed!
* * * LOW HITPOINT WARNING * * *
Okay, then.
Throw: throwing net
Press: ? - help, Q - select action, (/) - cycle Shift-Dir - straight line, f/p - Duvessa
Aim: Duvessa, wielding a +6 short sword of speed, wearing a +0 chain mail of cold resistance and carrying a wand of flame (17) (moderately wounded, berserk, heavily drained, 72% to hit)
You throw a throwing net. The throwing net hits Duvessa.
Duvessa is caught in the net!
Duvessa is moderately wounded.
Duvessa struggles against the net. x2
Duvessa struggles against the net.
The net rips apart, and Duvessa comes free!
Okay, then.
You fade into invisibility!
Duvessa hits you with a +6 short sword of speed!
You die...

....# ####)####.......#
....###..)............#
......'...............#
##'####...............#
,,,,,*#########.......#
,,,,,**,,,,* ##.######
,,,,,'',,,,* #.#
,,,,,**,,,,****#.#
,,,,,**,,,,,,..#@#
*******,,,,**#.#e#
*,,,,,****** #.#.#******
*,***,* #.#.#,,,,,*
,,,,*,* #)#)#,,,,,*
*,*^*,***** #.#.#,,,,,*
*,*,,,,,,,####.#.#,,,,,*
*,***,***,#......#,,,,,*
*,***,* *,#....#.#,,,,,*


You could see Duvessa (berserk, unable to see you, very drained).

Vanquished Creatures
  A wraith (Ossuary)
  A black bear (D:2)
  An elf zombie (Ossuary)
  Dowan (D:5)
  2 gnoll boudas
  A jelly (D:4)
  A hound (D:4)
  2 iguanas
  A sleepcap (D:5)
  4 mummies
  12 gnolls
  An adder (D:5)
  2 worms (D:2)
  3 dart slugs
  4 orcs
  5 endoplasms
  2 giant cockroaches (D:1)
  6 goblins
  5 hobgoblins
  6 jackals
  6 kobolds
  7 quokkas
  7 ball pythons
  5 bats
  4 frilled lizards
  3 goblin zombies
  6 hobgoblin zombies (Ossuary)
  A kobold zombie (Ossuary)
  An orc zombie (D:4)
  2 rats
103 creatures vanquished.

Vanquished Creatures (others)
  109 foxfires
109 creatures vanquished.

Grand Total: 212 creatures vanquished

Notes
Turn   | Place    | Note
-------+----------+-------------------------------------------
     0 | D:1      | AgateBread the Hill Orc Fire Elementalist began the quest
                  | for the Orb.
     0 | D:1      | Reached XP level 1. HP: 14/14 MP: 3/3
   228 | D:1      | Reached skill level 1 in Fighting
   228 | D:1      | Reached XP level 2. HP: 23/23 MP: 2/4
   668 | D:1      | Learned a level 2 spell: Scorch
   861 | D:1      | Reached XP level 3. HP: 28/28 MP: 2/5
  1690 | D:2      | Noticed a black bear
  2157 | D:2      | Killed a black bear
  2158 | D:2      | Reached skill level 4 in Fire Magic
  2158 | D:2      | Reached XP level 4. HP: 24/38 MP: 0/6
  2158 | D:2      | Reached XP level 5. HP: 29/45 MP: 0/7
  2229 | D:2      | Learned a level 4 spell: Flame Wave
  2560 | D:3      | Found a faded altar of an unknown god.
  3255 | D:3      | Found an iron altar of Okawaru.
  3847 | D:3      | Found Hyilewk's Book Emporium.
  3920 | D:3      | Found a glowing silver altar of Zin.
  4205 | D:4      | Found a runed translucent gate.
  4206 | D:4      | Found a runed translucent gate.
  4207 | D:4      | Found a runed translucent gate.
  4210 | D:4      | Noticed erynZofia's ghost (amateur GrHu)
  4423 | D:4      | Reached skill level 5 in Fire Magic
  4423 | D:4      | Reached XP level 6. HP: 52/52 MP: 3/8
  4558 | D:4      | Found a sparkling altar of Nemelex Xobeh.
  4558 | D:4      | Found a faded altar of an unknown god.
  4567 | D:4      | Found an opulent altar of Gozag.
  4570 | D:4      | Found a sacrificial altar of Ru.
  4573 | D:4      | Found a faded altar of an unknown god.
  4842 | D:4      | Found a sand-covered staircase.
  4848 | Ossuary  | Entered an ossuary
  4848 | Ossuary  | Noticed a wraith
  4848 | Ossuary  | Noticed a wraith
  4848 | Ossuary  | Noticed a wraith
  5316 | Ossuary  | Noticed a wraith
  5326 | Ossuary  | Killed a wraith
  5327 | Ossuary  | Reached XP level 7. HP: 43/60 MP: 1/9
  5757 | Ossuary  | Reached skill level 5 in Fighting
  7361 | D:5      | Entered Level 5 of the Dungeon
  7545 | D:5      | Reached skill level 6 in Fire Magic
  8456 | D:5      | Noticed Duvessa
  8456 | D:5      | Noticed Dowan
  8472 | D:5      | Killed Dowan
  8483 | D:5      | Reached skill level 5 in Conjurations
  8492 | D:5      | Slain by Duvessa

Illustrated notes

Levels and vault maps discovered:
D:1:      dpeg_arrival_arbitrary_a, layout_basic, minmay_door_square,
          minmay_misc_feat_more_columns
D:2:      layout_rooms, kennysheep_minor_cross
D:3:      layout_loops_ring, general_overflow_altar, okawaru_gym_becter,
          serial_shops, nicolae_shop_hallway_plus, nicolae_ecumenical_pavilion,
          hangedman_decor_points
D:4:      layout_loops_cross, chequers_temple_overflow_minitemple,
          ebering_ghost_rock_garden, nicolae_ossuary_entry_giza
D:5:      layout_basic, uniq_duvessa, uniq_pikel

Skill      XL: |  1  2  3  4  5  6  7 |
---------------+----------------------+-----
Fighting       | 1 3 4 5 |  5.8
Conjurations   | 2 3 4 5 |  5.0
Fire Magic     | 4 5 6 |  6.3
Dodging        | |  1.5
Stealth        | |  1.5
Spellcasting   | |  1.5

Action                     |  1- 3 |  4- 6 |  7- 9 || total
---------------------------+-------+-------+-------++-------
  Melee: Short sword       |    48 |     6 |    64 ||   118
         Punch             |     1 |       |       ||     1
         Trident           |       |    65 |       ||    65
  Throw: Dart              |     4 |       |       ||     4
         Throwing net      |     1 |       |     2 ||     3
         Javelin           |       |       |     6 ||     6
         Boomerang         |       |       |     2 ||     2
   Cast: Foxfire           |    39 |    15 |     9 ||    63
         Scorch            |     9 |    40 |    31 ||    80
    Use: Scroll            |       |    10 |     3 ||    13
         Potion            |       |       |     3 ||     3
 Armour: Robe              |     5 |       |       ||     5
         Leather armour    |     7 |    29 |    19 ||    55
  Dodge: Dodged            |    42 |    70 |    43 ||   155
